 Dungeon Crawl Stone Soup version 0.22-a0-231-g1b571ea (webtiles) character file.

473 Azzok the Sneak (level 7, 0/50 HPs)
             Began as a Gnoll Enchanter on Feb 20, 2018.
             Was a Follower of Okawaru.
             Killed from afar by Azzok's ghost (7 damage)
             ... with a spray of energy
             ... on level 5 of the Dungeon.
             The game lasted 00:08:39 (5370 turns).

Azzok the Sneak (Gnoll Enchanter)                   Turns: 5370, Time: 00:08:39

Health: 0/50       AC:  2    Str: 10    XL:     7   Next: 10%
Magic:  8/15       EV: 15    Int: 20    God:    Okawaru [*.....]
Gold:   222        SH:  0    Dex: 15    Spells: 11/17 levels left

rFire    . . .     SeeInvis .   a - +1 dagger (venom)
rCold    . . .     Gourm    .   (no shield)
rNeg     . . .     Faith    .   b - +0 robe
rPois    .         Spirit   .   (no helmet)
rElec    .         Reflect  .   (no cloak)
rCorr    .         Harm     .   (no gloves)
MR       .....                  (no boots)
Stlth    +.........             n - amulet of magic regeneration
HPRegen  0.16/turn              (no ring)
MPRegen  0.39/turn              (no ring)

@: confused
A: distributed training, fangs 1, strong nose
a: Heroism, Renounce Religion


You were on level 5 of the Dungeon.
You worshipped Okawaru.
Okawaru was aware of your devotion.
You were not hungry.

You visited 2 branches of the dungeon, and saw 6 of its levels.

You collected 222 gold pieces.

Inventory:

Hand Weapons
 a - a +1 dagger of venom (weapon)
Armour
 b - a +0 robe (worn)
Magical Staves
 x - an uncursed staff of wizardry
Jewellery
 n - an amulet of magic regeneration (around neck)
Wands
 o - a wand of clouds (7)
 w - a wand of disintegration (17)
Scrolls
 d - 2 scrolls of noise {unknown}
 e - 2 scrolls of enchant armour {unknown}
 f - 2 scrolls of immolation {unknown}
 g - a scroll of random uselessness {unknown}
 j - a scroll of enchant weapon {unknown}
 k - 8 scrolls of identify {unknown}
 m - 5 scrolls of teleportation {unknown}
 p - 4 scrolls of amnesia {unknown}
 r - a scroll of magic mapping {unknown}
 s - 4 scrolls of remove curse {unknown}
 v - a scroll of fear {unknown}
Potions
 h - a potion of heal wounds {unknown}
 i - a potion of lignification {unknown}
 l - 2 potions of haste {unknown}
 q - 2 potions of curing {unknown}
 t - 3 potions of degeneration {unknown}
 u - a potion of agility {unknown}
Comestibles
 c - 8 rations


   Skills:
 + Level 2.2 Fighting
 + Level 3.4 Short Blades
 + Level 2.2 Long Blades
 + Level 2.2 Axes
 + Level 2.2 Maces & Flails
 + Level 2.2 Polearms
 + Level 2.2 Staves
 + Level 2.2 Slings
 + Level 2.2 Bows
 + Level 2.2 Crossbows
 + Level 2.2 Throwing
 + Level 2.2 Armour
 + Level 5.1 Dodging
 + Level 6.4 Stealth
 + Level 2.2 Shields
 + Level 2.2 Unarmed Combat
 + Level 5.5 Spellcasting
 + Level 1.8 Conjurations
 + Level 5.7 Hexes
 + Level 1.8 Charms
 + Level 1.8 Summonings
 + Level 1.8 Necromancy
 + Level 1.8 Translocations
 + Level 1.8 Transmutations
 + Level 1.8 Fire Magic
 + Level 1.8 Ice Magic
 + Level 1.8 Air Magic
 + Level 1.8 Earth Magic
 + Level 1.8 Poison Magic
 + Level 2.4 Invocations
 + Level 2.2 Evocations


You had 11 spell levels left.
You knew the following spells:

 Your Spells              Type           Power        Failure   Level  Hunger
a - Corona                Hex            ####...      1%          1    None
b - Ensorcelled Hibernat  Hex/Ice        ###...       3%          2    None
c - Confuse               Hex            ####....     3%          3    ##.....


Dungeon Overview and Level Annotations

Branches:
Dungeon (5/15)             Temple (1/1) D:4

Altars:
Ashenzari
Cheibriados
Dithmenos
Elyvilon
Fedhas
Gozag
Hepliaklqana
Nemelex Xobeh
Okawaru
Qazlal
Ru
Sif Muna
Trog
Uskayaw
Vehumet
Wu Jian
Xom
Yredelemnul
Zin
The Shining One

Annotations:
D:5 Azzok's ghost, novice DEEn


Innate Abilities, Weirdness & Mutations

Your experience applies equally to all skills.
You have very sharp teeth.
Your uncanny sense of smell can sniff out nearby items.


Message History

You closely miss the worker ant.
The worker ant is severely wounded.
The worker ant bites you.
* * * LOW HITPOINT WARNING * * *
Azzok's ghost hits you.
* * * LOW HITPOINT WARNING * * *
You hit the worker ant.
You kill the worker ant!
Okawaru accepts your kill. Azzok's ghost hits you.
* * * LOW HITPOINT WARNING * * *
Azzok's ghost barely misses you.
You see here a worker ant corpse.
Azzok's ghost gestures at you while chanting.
You are confused.
There is a stone staircase leading up here.
Azzok's ghost says, "You will soon be helpless to avoid my power."
Azzok's ghost points at you and mumbles some strange words.
The spray of energy hits you!
You die...

▒▒▒ ▒·▒ ▒▒▒ ▒·· ··▒ ▒·▒ ▒·▒ ▒·▒
▒·▒ ▒▒▒▒·▒▒▒▒▒·▒ ▒·▒▒·▒··▒▒·▒▒▒
▒·W·@········▒▒▒▒▒ ▒▒▒
▒·▒··▒··▒········▒▒ ▒·▒
▒·▒··▒············▒
·▒▒▒▒▒▒▒▒Z▒▒▒·▒Z·▒▒·▒··▒··▒··▒▒
··························▒··▒
·▒▒▒▒▒▒▒▒·▒·▒·▒··▒▒▒▒▒·▒·····▒
▒▒▒▒▒▒▒▒·▒············▒··▒··▒▒▒▒
··)····ZW▒·▒········▒▒▒··▒··▒▒··
·········▒·▒▒▒··▒▒▒·▒▒▒·····▒▒·▒


You could see Azzok's ghost and a bullfrog skeleton.

Vanquished Creatures
  An ogre (D:4)
  A howler monkey (D:4)
  3 orc priests
  An orc wizard (D:3)
  Ijyb (D:3)
  2 worker ants
  2 gnolls (D:3)
  4 adders
  An ooze (D:4)
  An adder zombie (D:5)
  An adder skeleton (D:4)
  A worm (D:2)
  3 dart slugs
  7 leopard geckos
  3 orcs
  8 bats
  7 giant cockroaches
  10 goblins
  4 hobgoblins
  6 jackals
  3 quokkas
  4 ball pythons
  4 frilled lizards
  10 kobolds
  7 rats
95 creatures vanquished.

Notes
Turn   | Place    | Note
-------+----------+-------------------------------------------
     0 | D:1      | Azzok the Gnoll Enchanter began the quest for the Orb.
     0 | D:1      | Reached XP level 1. HP: 13/13 MP: 6/6
   228 | D:1      | Reached XP level 2. HP: 19/19 MP: 7/7
   255 | D:1      | Learned a level 2 spell: Ensorcelled Hibernation
   636 | D:1      | Reached XP level 3. HP: 23/25 MP: 1/9
   641 | D:1      | Learned a level 3 spell: Confuse
   815 | D:1      | Reached skill level 5 in Spellcasting
  1068 | D:2      | Reached skill level 6 in Stealth
  1120 | D:2      | Reached skill level 1 in Invocations
  1472 | D:2      | Reached skill level 1 in Fighting
  1472 | D:2      | Reached skill level 1 in Long Blades
  1472 | D:2      | Reached skill level 1 in Axes
  1472 | D:2      | Reached skill level 1 in Maces & Flails
  1472 | D:2      | Reached skill level 1 in Polearms
  1472 | D:2      | Reached skill level 1 in Staves
  1472 | D:2      | Reached skill level 1 in Slings
  1472 | D:2      | Reached skill level 1 in Bows
  1472 | D:2      | Reached skill level 1 in Crossbows
  1472 | D:2      | Reached skill level 1 in Throwing
  1472 | D:2      | Reached skill level 1 in Armour
  1472 | D:2      | Reached skill level 1 in Shields
  1472 | D:2      | Reached skill level 1 in Unarmed Combat
  1472 | D:2      | Reached skill level 1 in Evocations
  1782 | D:2      | Reached XP level 4. HP: 31/32 MP: 11/11
  1820 | D:2      | Found a snail-covered altar of Cheibriados.
  1915 | D:2      | Found a hazy altar of Hepliaklqana.
  1915 | D:2      | Found a hide-covered altar of Uskayaw.
  1916 | D:2      | Found a shattered altar of Ashenzari.
  2363 | D:3      | Found a glowing golden altar of the Shining One.
  2872 | D:3      | Reached skill level 1 in Conjurations
  2872 | D:3      | Reached skill level 1 in Charms
  2872 | D:3      | Reached skill level 1 in Summonings
  2872 | D:3      | Reached skill level 1 in Necromancy
  2872 | D:3      | Reached skill level 1 in Translocations
  2872 | D:3      | Reached skill level 1 in Transmutations
  2872 | D:3      | Reached skill level 1 in Fire Magic
  2872 | D:3      | Reached skill level 1 in Ice Magic
  2872 | D:3      | Reached skill level 1 in Air Magic
  2872 | D:3      | Reached skill level 1 in Earth Magic
  2872 | D:3      | Reached skill level 1 in Poison Magic
  3289 | D:3      | Reached XP level 5. HP: 29/37 MP: 9/12
  3388 | D:3      | Noticed Ijyb
  3398 | D:3      | Killed Ijyb
  4248 | D:4      | Reached XP level 6. HP: 31/44 MP: 7/13
  4361 | D:4      | Found a basalt altar of Yredelemnul.
  4496 | D:4      | Found a staircase to the Ecumenical Temple.
  4506 | Temple   | Entered the Ecumenical Temple
  4511 | Temple   | Became a worshipper of Warmaster Okawaru
  4915 | D:4      | Reached skill level 5 in Dodging
  5194 | D:5      | Entered Level 5 of the Dungeon
  5206 | D:5      | Reached XP level 7. HP: 50/50 MP: 15/15
  5217 | D:5      | Reached * piety under Okawaru
  5330 | D:5      | Noticed Azzok's ghost (novice DEEn)
  5370 | D:5      | Killed from afar by Azzok's ghost

Vault maps used:
D:1:      lemuel_arrival_cross
D:2:      cheibriados_altar_1, gammafunk_temple_overflow_claw
D:3:      kennysheep_the_goblin_king, nicolae_tso_swordbearing_angel
D:4:      nicolae_overflow_crystal_walls, temple_fountains, first_ration,
          gup_sewer_entry_pipe, corexii_hall_statues_deadend
D:5:      lemuel_round_altar
Temple:   minmay_freezing_vapour_temple

Skill      XL: |  1  2  3  4  5  6 |
---------------+-------------------+-----
Spellcasting   | 5 |  5.5
Stealth        | 6 |  6.4
Invocations    | 1 2 |  2.4
Fighting       | 1 2 |  2.2
Long Blades    | 1 2 |  2.2
Axes           | 1 2 |  2.2
Maces & Flails | 1 2 |  2.2
Polearms       | 1 2 |  2.2
Staves         | 1 2 |  2.2
Slings         | 1 2 |  2.2
Bows           | 1 2 |  2.2
Crossbows      | 1 2 |  2.2
Throwing       | 1 2 |  2.2
Armour         | 1 2 |  2.2
Shields        | 1 2 |  2.2
Unarmed Combat | 1 2 |  2.2
Evocations     | 1 2 |  2.2
Conjurations   | 1 |  1.8
Charms         | 1 |  1.8
Summonings     | 1 |  1.8
Necromancy     | 1 |  1.8
Translocations | 1 |  1.8
Transmutations | 1 |  1.8
Fire Magic     | 1 |  1.8
Ice Magic      | 1 |  1.8
Air Magic      | 1 |  1.8
Earth Magic    | 1 |  1.8
Poison Magic   | 1 |  1.8
Short Blades   | 3 |  3.4
Dodging        | 5 |  5.1
Hexes          | |  5.7

Action                   |  1- 3 |  4- 6 |  7- 9 || total
-------------------------+-------+-------+-------++-------
Melee: Dagger            |   110 |   110 |    26 ||   246
       Bite              |     7 |     9 |     1 ||    17
 Cast: Ensorcelled Hiber |    15 |    23 |     1 ||    39
       Corona            |     1 |     1 |       ||     2
       Confuse           |       |     1 |     5 ||     6
 Stab: Sleeping          |    26 |    20 |     2 ||    48
       Confused          |       |     1 |       ||     1
  Eat: Chunk             |     3 |     7 |     1 ||    11
       Ration            |       |     1 |       ||     1
Armor: Robe              |    15 |    13 |     2 ||    30
Dodge: Dodged            |    85 |    59 |    23 ||   167

Table legend:
 A = Spawn XP
 B = Non-spawn XP
 C = Spawn XP percentage of total XP
 D = Spawn monster count
 E = Non-spawn monster count
 F = Spawn count percentage of total count
 G = Total turns spent on level
                    A         B        C        D         E        F      G
               +---------+---------+-------+---------+---------+-------+---------
         Total |       0 |     677 |   0.0 |       0 |      95 |   0.0 |  5370
               +---------+---------+-------+---------+---------+-------+---------
           D:1 |       0 |      39 |   0.0 |       0 |      25 |   0.0 |  1018
           D:2 |       0 |      47 |   0.0 |       0 |      20 |   0.0 |   992
           D:3 |       0 |     228 |   0.0 |       0 |      25 |   0.0 |  2211
           D:4 |       0 |     300 |   0.0 |       0 |      19 |   0.0 |   962
           D:5 |       0 |      63 |   0.0 |       0 |       6 |   0.0 |   176
               +---------+---------+-------+---------+---------+-------+---------
